 Dungeon Crawl Stone Soup version bcrawl-1.13.5 (webtiles) character file.

Game seed: 17897859125971638773

65 MisterOstroum the Conjurer (level 4, -11/29 HPs)
             Began as a Fairy Conjurer on Aug 29, 2019.
             Killed by divine providence
             ... invoked by an orc priest
              (13 damage)
             ... on level 2 of the Dungeon.
             The game lasted 00:01:05 (788 turns).

MisterOstroum the Conjurer (Fairy Conjurer)          Turns: 788, Time: 00:01:06

Health: -11/29     AC:  4    Str:  6    XL:     4   Next: 13%
Magic:  10/10      EV: 15    Int: 20    God:
Gold:   71         SH:  4    Dex: 12    Spells: 7/8 levels left

rFire    . . .     SeeInvis .   (weapon restricted)
rCold    . . .     Gourm    .   (shield restricted)
rNeg     . . .     Faith    .   (armour unavailable)
rPois    .         Spirit   .   (no helmet)
rElec    .         Reflect  .   (no cloak)
rCorr    .         Harm     .   (no gloves)
MR       .....                  (no boots)
Stlth    +.........             (no amulet)
HPRegen  0.09/turn              (no ring)
MPRegen  0.12/turn              (no ring)

@: no status effects
A: small, magic attunement, unstealthy, unfitting armour, able to fly, AC/SH +4
a: Fly


You were on level 2 of the Dungeon.
You were not hungry.

You visited 1 branch of the dungeon, and saw 2 of its levels.

You collected 71 gold pieces.

Inventory:

Missiles
 a - 383 stones (quivered)
Armour
 i - a +0 buckler
Jewellery
 h - a cursed -3 ring of protection {unknown}
Scrolls
 d - a scroll of noise {unknown}
 f - 2 scrolls of identify {unknown}
 g - a scroll of amnesia {unknown}
Potions
 c - a potion of haste {unknown}
Comestibles
 b - 5 chunks of flesh
 e - 3 rations {!d}


   Skills:
 + Level 2.2 Fighting
 - Level 2.6 Dodging
 - Level 1.5 Stealth
 - Level 2.6 Spellcasting
 + Level 5.8 Conjurations


You had 7 spell levels left.
You knew the following spells:

 Your Spells              Type           Power        Failure   Level  Hunger
a - Magic Dart            Conj           ####         1%          1    None

Your spell library contained the following spells:

 Spells                   Type           Power        Failure   Level  Hunger
 Searing Ray              Conj           ####..       1%          2    None
 Iskenderun's Mystic Bla  Conj           ####....     4%          3    None
 Fulminant Prism          Conj/Hex       ##........   41%         4    None
 Irradiate                Conj/Tmut      ##........   77%         5    None


Dungeon Overview and Level Annotations

Branches:
Dungeon (2/12)

Altars:
Ru


Innate Abilities, Weirdness & Mutations

Your spells do not cause hunger and MP costs are reduced by 1.
Your bright wings attract enemies. (Stealth-)
You cannot fit into any form of body armour.
Your shimmering scales are hard and can block incoming attacks. (AC +4, SH +4)
You are small and have problems with some larger weapons.
You can fly continuously.


Message History

You feel clever.
Casting: Magic Dart (safe; 1% risk of failure)
Confirm with . or Enter, or press ? or * to list all spells.
Aiming: Magic Dart (safe; 1% risk of failure)
Press: ? - help, Shift-Dir - straight line, f - bat
Aim: a bat (softly glowing)
The magic dart hits the bat.
The bat is heavily wounded.
The bat closely misses you.
The kobold throws a stone.
The stone barely misses you.
Casting: Magic Dart (safe; 1% risk of failure)
Confirm with . or Enter, or press ? or * to list all spells.
Aiming: Magic Dart (safe; 1% risk of failure)
Press: ? - help, Shift-Dir - straight line, f/p - bat
Aim: a bat (heavily wounded, softly glowing)
The magic dart hits the bat.
You kill the bat!
Casting: Magic Dart (safe; 1% risk of failure)
Confirm with . or Enter, or press ? or * to list all spells.
Aiming: Magic Dart (safe; 1% risk of failure)
Press: ? - help, Shift-Dir - straight line, f - kobold
Aim: a kobold (slow)
The magic dart hits the kobold.
The kobold is heavily wounded.
Casting: Magic Dart (safe; 1% risk of failure)
Confirm with . or Enter, or press ? or * to list all spells.
Aiming: Magic Dart (safe; 1% risk of failure)
Press: ? - help, Shift-Dir - straight line, f/p - kobold
Aim: a kobold (heavily wounded, slow)
The magic dart hits the kobold.
You kill the kobold!
Casting: Magic Dart (safe; 1% risk of failure)
Confirm with . or Enter, or press ? or * to list all spells.
You can't see any susceptible monsters within range! (Use Z to cast anyway.)
You see here a chain mail.
You see here a buckler.
i - a buckler
There is an open door here.
a - 383 stones (gained 2)
Things that are here:
a +0 dagger; a +0 robe; a +0 club You open the door.
There is an open door here.
Found a stone staircase leading down.
An orc priest comes into view. It is wielding a +0 trident.
The orc priest calls down the wrath of Beogh upon you.
Pain shoots through your body!
Casting: Magic Dart (safe; 1% risk of failure)
Confirm with . or Enter, or press ? or * to list all spells.
Aiming: Magic Dart (safe; 1% risk of failure)
Press: ? - help, Shift-Dir - straight line, f - orc priest
Aim: an orc priest, wielding a +0 trident and wearing a +0 scale mail The magic dart hits the orc priest.
Casting: Magic Dart (safe; 1% risk of failure)
Confirm with . or Enter, or press ? or * to list all spells.
Aiming: Magic Dart (safe; 1% risk of failure)
Press: ? - help, Shift-Dir - straight line, f/p - orc priest
Aim: an orc priest, wielding a +0 trident and wearing a +0 scale mail The magic dart hits the orc priest.
Casting: Magic Dart (safe; 1% risk of failure)
Confirm with . or Enter, or press ? or * to list all spells.
Aiming: Magic Dart (safe; 1% risk of failure)
Press: ? - help, Shift-Dir - straight line, f/p - orc priest
Aim: an orc priest, wielding a +0 trident and wearing a +0 scale mail The magic dart hits the orc priest.
The orc priest is moderately wounded.
Casting: Magic Dart (safe; 1% risk of failure)
Confirm with . or Enter, or press ? or * to list all spells.
Aiming: Magic Dart (safe; 1% risk of failure)
Press: ? - help, Shift-Dir - straight line, f/p - orc priest
Aim: an orc priest, wielding a +0 trident and wearing a +0 scale mail (moderately wounded)
The magic dart hits the orc priest.
The orc priest is moderately wounded.
Casting: Magic Dart (safe; 1% risk of failure)
Confirm with . or Enter, or press ? or * to list all spells.
Aiming: Magic Dart (safe; 1% risk of failure)
Press: ? - help, Shift-Dir - straight line, f/p - orc priest
Aim: an orc priest, wielding a +0 trident and wearing a +0 scale mail (moderately wounded)
The magic dart hits the orc priest.
The orc priest is moderately wounded.
The orc priest calls down the wrath of Beogh upon you.
Beogh smites you!
* * * LOW HITPOINT WARNING * * *
Casting: Magic Dart (safe; 1% risk of failure)
Confirm with . or Enter, or press ? or * to list all spells.
Aiming: Magic Dart (safe; 1% risk of failure)
Press: ? - help, Shift-Dir - straight line, f/p - orc priest
Aim: an orc priest, wielding a +0 trident and wearing a +0 scale mail (moderately wounded)
The magic dart hits the orc priest.
The orc priest is heavily wounded.
Casting: Magic Dart (safe; 1% risk of failure)
Confirm with . or Enter, or press ? or * to list all spells.
Aiming: Magic Dart (safe; 1% risk of failure)
Press: ? - help, Shift-Dir - straight line, f/p - orc priest
Aim: an orc priest, wielding a +0 trident and wearing a +0 scale mail (heavily wounded)
The magic dart hits the orc priest.
The orc priest is severely wounded.
The orc priest calls down the wrath of Beogh upon you.
Beogh smites you!
You die...

#.##.# #.#. #.
#.##.#######. #.
#.##.##....## ..
......>....#. #.
######.##.#. #.
#.##.#. #o #....'#
#.###########.#....
#.@...........#####
###############


You could see an orc priest.

Vanquished Creatures
  An orc wizard (D:2)
  2 dart slugs
  A ball python (D:1)
  3 hobgoblins
  8 jackals
  3 kobolds
  A quokka (D:2)
  3 bats
  A frilled lizard (D:1)
  4 goblins
  3 rats
30 creatures vanquished.

Notes
Turn   | Place    | Note
-------+----------+-------------------------------------------
     0 | D:1      | MisterOstroum the Fairy Conjurer began the quest for the
                  | Orb.
     0 | D:1      | Reached XP level 1. HP: 11/11 MP: 6/6
    82 | D:1      | Reached skill level 5 in Conjurations
   163 | D:1      | Reached XP level 2. HP: 13/18 MP: 7/7
   166 | D:1      | Reached skill level 1 in Fighting
   626 | D:2      | Reached XP level 3. HP: 23/23 MP: 9/9
   715 | D:2      | Found a sacrificial altar of Ru.
   721 | D:2      | Reached XP level 4. HP: 29/29 MP: 10/10
   788 | D:2      | Killed from afar by an orc priest

Skill      XL: |  1  2  3 |
---------------+----------+-----
Conjurations   | 5 |  5.8
Fighting       | 1 2 |  2.2
Dodging        | |  2.6
Stealth        | |  1.5
Spellcasting   | |  2.6

Action                   |  1- 3 |  4- 6 || total
-------------------------+-------+-------++-------
 Cast: Magic Dart        |    54 |    12 ||    66
 Abil: Stop Flying       |     1 |       ||     1
Armor: Skin              |     5 |       ||     5
Dodge: Dodged            |    23 |     2 ||    25
Block: Other             |     7 |       ||     7
